 Dungeon Crawl Stone Soup version 0.30-a0-279-g4b46babb21 (webtiles) character file.

Game seed: 1972366484388665125

4 lunkers the Caller (level 2, -1/24 HPs)
             Began as a Meteoran Wanderer on Oct 17, 2022.
             Succumbed to a goblin's poison
             ... on level 1 of the Dungeon.
             The game lasted 00:00:43 (166 turns).

lunkers the Caller (Meteoran Wanderer)               Turns: 166, Time: 00:00:43

Health: -1/24      AC:  2    Str: 10 (11) XL:     2   Next: 0%
Magic:  2/5        EV: 11    Int: 12 (14) God:
Gold:   15         SH:  3    Dex: 12 (14) Spells: 2/3 levels left

rFire   . . .      SeeInvis .    a - +0 mace
rCold   . . .      Faith    .    b - +0 buckler
rNeg    . . .      Spirit   .    d - +0 robe
rPois   .          Reflect  .    (no helmet)
rElec   .          Harm     .    (no cloak)
rCorr   .          Rampage  .    (no gloves)
Will    .....                    (no boots)
Stlth   +.........               (no amulet)
HPRegen 0.24/turn                (no ring)
MPRegen 0.09/turn                (no ring)

@: lethally poisoned (-1 -> -15), glowing
A: sense surroundings 1, otherworldly, glowing, explore regen
a: no special abilities


You were on level 1 of the Dungeon.
You visited 1 branch of the dungeon, and saw 1 of its levels.

You collected 15 gold pieces.

Inventory:

Hand Weapons
 a - a +0 mace (weapon)
Armour
 b - a +0 buckler (worn)
 d - a +0 robe (worn)
Scrolls
 c - a scroll of teleportation


   Skills:
 - Level 2.1 Fighting
 + Level 2.3 Maces & Flails
 - Level 1.2 Dodging
 - Level 1.2 Shields
 - Level 1.3 Spellcasting
 - Level 4.8 Summonings


You had 2 spell levels left.
You knew the following spells:

 Your Spells              Type           Power      Damage    Failure   Level
p - Summon Small Mammal   Summ           48%        N/A       5%          1

Your spell library contained the following spells:

 Spells                   Type           Power      Damage    Failure   Level
 Call Canine Familiar     Summ           12%        N/A       16%         3
 Summon Lightning Spire   Summ/Air       6%         N/A       80%         4


Dungeon Overview and Level Annotations

Branches:
Dungeon (1/15) Zot: 429

Altars:


Innate Abilities, Weirdness & Mutations

You passively map a small area around you.
You are easily found by Zot.
You glow in the dark.
You regain HP and MP as you explore.


Message History

Casting: Summon Small Mammal (safe; 4% risk of failure)
Press: ? - help, Q - select action Dir - look around, f - activate The bat hits you but does no damage.
The goblin hits you with a +2 dagger of venom.
You are poisoned.
Casting: Summon Small Mammal (safe; 4% risk of failure)
Press: ? - help, Q - select action Dir - look around, f - activate You feel sick.
Your bat hits the kobold but does no damage.
The bat hits you but does no damage.
Your bat barely misses the bat.
The goblin hits you with a +2 dagger of venom.
You are more poisoned.
The kobold hits your bat with a +0 club.
Your bat dies!
Your bat's corpse disappears in a puff of smoke!
The bat hits you but does no damage.
Casting: Summon Small Mammal (safe; 4% risk of failure)
Press: ? - help, Q - select action Dir - look around, f - activate
* * * LOW HITPOINT WARNING * * *
You feel very sick. The bat barely misses you.
Your bat misses the bat.
The goblin hits you with a +2 dagger of venom.
* * * LOW HITPOINT WARNING * * *
You are more poisoned.
* * * LOW HITPOINT WARNING * * *
You feel very sick.
Your bat misses the goblin.
The goblin hits your bat with a +2 dagger of venom.
Your bat dies!
Your bat's corpse disappears in a puff of smoke!
The bat closely misses you.
It was a potion of degeneration.
There was something very wrong with that liquid.
You feel weakened.
You feel dopey.
You feel clumsy.
* * * LOW HITPOINT WARNING * * *
You feel very sick. The bat closely misses you.
Your bat closely misses the bat.
The bat hits you but does no damage.
You barely miss the goblin.
You die...

* ## * ## ###.
##.#. #. ...
.. ..... *
##.###.[#...
.#.#.
#.......#.#, ,
#. #..#......
, #.
#..#.#ยง.#,# *
#(
#..#b#..#>## *
#.
#..@bK......,,
,* ##
#..#g#..### ,
#.......#* ,*
####.#### ,
#.# #.# * ,
###.# , *
#...# * *
#.###


You could see a goblin, a bat (ally target), a kobold and a friendly bat
(summoned).

Vanquished Creatures
  2 endoplasms (D:1)
  A ball python (D:1)
  A bat (D:1)
  A rat (D:1)
5 creatures vanquished.

Notes
Turn   | Place    | Note
-------+----------+-------------------------------------------
     0 | D:1      | lunkers the Meteoran Wanderer began the quest for the Orb.
     0 | D:1      | lunkers set off with the following items: a +0 mace, a +0
                  | buckler, a scroll of teleportation, a +0 robe; and the
                  | following spell memorised: Summon Small Mammal; and the
                  | following spells available to memorise: Call Canine
                  | Familiar, Summon Lightning Spire.
     0 | D:1      | Reached XP level 1. HP: 17/17 MP: 3/3
   109 | D:1      | Reached XP level 2. HP: 21/24 MP: 5/5
   166 | D:1      | Succumbed to a goblin's poison

Illustrated notes

Levels and vault maps discovered:
D:1:      minmay_arrival_semitransparent, layout_loops_cross

Skill      XL: |  1 |
---------------+----+-----
Maces & Flails | 2 |  2.3
Fighting       | |  2.1
Dodging        | |  1.2
Shields        | |  1.2
Spellcasting   | |  1.3
Summonings     | |  4.8

Action                   || total
-------------------------++-------
Melee: Mace              ||    16
 Cast: Summon Small Mamm ||     7
  Use: Potion            ||     1
Armor: Robe              ||    13
Dodge: Dodged            ||     8
Block: Buckler           ||     7

Table legend: (Time is in decaauts)
 A = Elapsed time spent in this place.
 B = Non-inter-level travel time spent in this place.
 C = Inter-level travel time spent in this place.
 D = Time resting spent in this place.
 E = Time spent auto-exploring this place.
 F = Levels seen in this place.
 G = Mean time per level.
                   A        B        C        D        E       F      G
               +--------+--------+--------+--------+--------+-----+--------+
         Total |    170 |    170 |      0 |      0 |    120 |   1 |  170.0 |
       Dungeon |    170 |    170 |      0 |      0 |    120 |   1 |  170.0 |
               +--------+--------+--------+--------+--------+-----+--------+

Top non-repeatable levels by time:
     D:1: 170 daAuts
